 Dungeon Crawl Stone Soup version 0.30-a0-916-g9813417 (webtiles) character file.

Game seed: 12156961272659222684

506 Dorkslayer the Shield-Bearer (level 7, -3/44 HPs)
             Began as a Gargoyle Fighter on Apr 5, 2023.
             Was an Initiate of Gozag.
             Slain by Nithhogg's ghost (6 damage)
             ... on level 4 of the Dungeon.
             The game lasted 00:11:28 (2841 turns).

Dorkslayer the Shield-Bearer (Gargoyle Fighter)     Turns: 2841, Time: 00:11:30

Health: -3/44      AC: 13    Str: 20    XL:     7   Next: 18%
Magic:  7/7        EV:  9    Int:  8    God:    Gozag
Gold:   195        SH:  6    Dex: 11    Spells: 6/6 levels left

rFire   . . .      SeeInvis .    a - +2 war axe
rCold   + . .      Faith    .    c - +1 buckler
rNeg    + . .      Spirit   .    b - +0 scale mail
rPois   ∞          Reflect  .    (no helmet)
rElec   +          Rampage  .    d - +0 cloak
rCorr   .                        (no gloves)
Will    +....                    (no boots) Stlth
                                 (no amulet)
HPRegen 0.27/turn                m - ring of protection from cold
MPRegen 0.10/turn                s - ring of willpower

@: on berserk cooldown, slowed, very slow
A: sickness immunity, AC +4, negative energy resistance 1, electricity
resistance, torment resistance 1, petrification resistance
a: Renounce Religion, Potion Petition, Call Merchant, Bribe Branch


You were on level 4 of the Dungeon.
You worshipped Gozag.
Gozag was aware of your devotion.
You visited 2 branches of the dungeon, and saw 5 of its levels.

You collected 269 gold pieces.
You paid 74 gold pieces to Gozag.

Inventory:

Hand Weapons
 a - a +2 war axe (weapon)
 r - a +0 war axe
Armour
 b - a +0 scale mail (worn)
 c - a +1 buckler (worn)
 d - a +0 cloak (worn)
Jewellery
 m - a ring of protection from cold (left hand)
 s - a ring of willpower (right hand)
Scrolls
 e - 3 scrolls of magic mapping
 i - 2 scrolls of immolation
 n - 4 scrolls of fear
 q - a scroll of fog
Potions
 h - 2 potions of curing
 o - a potion of brilliance {unknown}
 p - a potion of attraction {unknown}


   Skills:
 + Level 5.1 Fighting
 + Level 3.7 Axes
 + Level 5.1 Armour
 + Level 5.2 Shields


You had 6 spell levels left.
You didn't know any spells.
Your spell library contained the following spells:

 Spells                   Type           Power      Damage    Failure   Level
 Apportation              Tloc           0%         N/A       83%         1
 Alistair's Intoxication  Tmut/Pois      0%         N/A       100%        5


Dungeon Overview and Level Annotations

Branches:
Dungeon (4/15)             Temple (1/1) D:4

Altars:
Ashenzari
Dithmenos
Elyvilon
Gozag
Kikubaaqudgha
Makhleb
Ru
Trog
Uskayaw
Vehumet
Wu Jian
Xom
Zin
The Shining One

Shops:
D:4 =

Annotations:
D:4 Dega's ghost, amateur SpHu; Nithhogg's ghost, novice HOFi; edsrzf's ghost, amateur OpBr


Innate Abilities, Weirdness & Mutations

You are immune to sickness and miasma.
Your stone body is resilient. (AC +4)
You are immune to poison.
You resist negative energy. (rN+)
You are resistant to electric shocks. (rElec)
You are resistant to unholy torment.
You are immune to petrification.


Message History

You feel yourself slow down.
Nithhogg's ghost hits you but does no damage.
You hit Nithhogg's ghost but do no damage.
Nithhogg's ghost is almost destroyed.
You block Nithhogg's ghost's attack.
Nithhogg's ghost ripples.
Nithhogg's ghost hits you but does no damage.
You hit Nithhogg's ghost but do no damage.
Nithhogg's ghost is almost destroyed.
Dega's ghost whispers, "Death is liberation."
Nithhogg's ghost hits you.
* * * LOW HITPOINT WARNING * * *
Nithhogg's ghost hits you but does no damage.
You barely miss Nithhogg's ghost.
Nithhogg's ghost is severely damaged.
Nithhogg's ghost hits you but does no damage.
Nithhogg's ghost hits you.
* * * LOW HITPOINT WARNING * * *
You barely miss Nithhogg's ghost.
Nithhogg's ghost is severely damaged.
Nithhogg's ghost closely misses you. You block Nithhogg's ghost's attack.
You barely miss Nithhogg's ghost.
Nithhogg's ghost is severely damaged.
Nithhogg's ghost hits you but does no damage.
Nithhogg's ghost closely misses you.
You closely miss Nithhogg's ghost.
Nithhogg's ghost is severely damaged.
Nithhogg's ghost hits you but does no damage. x2
You barely miss Nithhogg's ghost.
Nithhogg's ghost is severely damaged.
Nithhogg's ghost screams, "You will join me soon!"
Nithhogg's ghost completely misses you.
Nithhogg's ghost hits you but does no damage.
You closely miss Nithhogg's ghost.
Nithhogg's ghost is severely damaged.
Edsrzf's ghost shouts, "You must not succeed where I failed!"
Nithhogg's ghost hits you but does no damage.
You block Nithhogg's ghost's attack. Nithhogg's ghost hits you.
You die...
Your body crumbles into a pile of gold.

#...######8.....'...[#
##.#......#$.....'..).#
...#......#......#W.#>#
.###......##8....#....# ##
#.......##$.⌠.#..###
#........######.##
##..........##WW.# #
#...........##W###
###...........##@#
..............#..##
###...............#
#................########
##.......................#
.........................#
.^.......................#
.........................#
.......................).#


You could see Dega's ghost, Nithhogg's ghost and edsrzf's ghost.

Vanquished Creatures
  Grinder (D:4)
  A black bear (D:4)
  A scorpion (D:4)
  A hound (D:3)
  Crazy Yiuf (D:4)
  4 adders
  3 dart slugs
  7 orcs (D:3)
  4 ball pythons
  2 bat zombies (D:3)
  7 endoplasms
  10 hobgoblins
  3 quokkas
  2 bats
  A frilled lizard (D:3)
  2 goblins (D:4)
  7 kobolds
  5 rats
  A rat zombie (D:3)
63 creatures vanquished.

Vanquished Creatures (others)
  4 withered plants (D:4)
4 creatures vanquished.

Grand Total: 67 creatures vanquished

Notes
Turn   | Place    | Note
-------+----------+-------------------------------------------
     0 | D:1      | Dorkslayer the Gargoyle Fighter began the quest for the
                  | Orb.
     0 | D:1      | Reached XP level 1. HP: 14/14 MP: 1/1
   256 | D:1      | Reached XP level 2. HP: 19/19 MP: 2/2
   697 | D:2      | Reached XP level 3. HP: 17/23 MP: 3/3
  1131 | D:2      | Reached XP level 4. HP: 29/29 MP: 4/4
  1819 | D:3      | Found a faded altar of an unknown god.
  1945 | D:3      | Reached XP level 5. HP: 33/33 MP: 5/5
  1958 | D:3      | Found an ancient bone altar of Kikubaaqudgha.
  2104 | D:4      | Found Veozubeq's Jewellery Shoppe.
  2180 | D:4      | Found a runed translucent gate.
  2180 | D:4      | Found a runed translucent gate.
  2180 | D:4      | Found a runed translucent gate.
  2181 | D:4      | Noticed edsrzf's ghost (amateur OpBr)
  2181 | D:4      | Noticed Dega's ghost (amateur SpHu)
  2182 | D:4      | Noticed Nithhogg's ghost (novice HOFi)
  2314 | D:4      | Found a staircase to the Ecumenical Temple.
  2329 | Temple   | Entered the Ecumenical Temple
  2373 | Temple   | Became a worshipper of Gozag Ym Sagoz the Greedy
  2398 | D:4      | Noticed Grinder
  2411 | D:4      | Killed Grinder
  2412 | D:4      | Reached skill level 5 in Shields
  2412 | D:4      | Reached XP level 6. HP: 37/40 MP: 6/6
  2468 | D:4      | Noticed a black bear
  2487 | D:4      | Killed a black bear
  2488 | D:4      | Reached skill level 5 in Fighting
  2488 | D:4      | Reached skill level 5 in Armour
  2488 | D:4      | Reached XP level 7. HP: 10/44 MP: 7/7
  2550 | D:4      | Found a runed translucent door.
  2551 | D:4      | Noticed Crazy Yiuf
  2651 | D:4      | Killed Crazy Yiuf
  2836 | D:4      | HP: 1/44 [Nithhogg's ghost (6)]
  2841 | D:4      | Slain by Nithhogg's ghost

Illustrated notes

Levels and vault maps discovered:
D:1:      amcnicky_arrival_blooded_trapdoor, layout_basic
D:2:      layout_loops_ring
D:3:      layout_basic, lemuel_zombie_altar_kikubaaqudgha,
          hellmonk_ecumenical_altar_heavens_door
D:4:      layout_rooms, minmay_temple_entry_arrows, gammafunk_ghost_cemetery,
          serial_shops, nicolae_shop_waterfront, uniq_crazy_yiuf_cottage,
          uniq_grinder
Temple:   nicolae_temple_bog_church

Skill      XL: |  1  2  3  4  5  6 |
---------------+-------------------+-----
Axes           | 2 3 |  3.7
Fighting       | 4 5 |  5.1
Armour         | 4 5 |  5.1
Shields        | 4 5 |  5.2

Action                     |  1- 3 |  4- 6 |  7- 9 || total
---------------------------+-------+-------+-------++-------
  Melee: War axe           |    90 |   124 |    44 ||   258
    Use: Scroll            |       |     3 |     8 ||    11
         Potion            |       |     1 |     2 ||     3
 Armour: Scale mail        |    49 |    91 |    21 ||   161
  Dodge: Dodged            |    49 |    74 |    13 ||   136
  Block: Buckler           |    12 |    36 |    10 ||    58

Table legend: (Time is in decaauts)
 A = Elapsed time spent in this place.
 B = Non-inter-level travel time spent in this place.
 C = Inter-level travel time spent in this place.
 D = Time resting spent in this place.
 E = Time spent auto-exploring this place.
 F = Levels seen in this place.
 G = Mean time per level.
                   A        B        C        D        E       F      G
               +--------+--------+--------+--------+--------+-----+--------+
         Total |   2947 |   2947 |      0 |      0 |   1050 |   5 |  589.4 |
       Dungeon |   2870 |   2870 |      0 |      0 |   1050 |   4 |  717.5 |
        Temple |     76 |     76 |      0 |      0 |      0 |   1 |   76.0 |
               +--------+--------+--------+--------+--------+-----+--------+

Top non-repeatable levels by time:
     D:3: 735 daAuts
     D:2: 733 daAuts
     D:4: 712 daAuts
     D:1: 689 daAuts
  Temple: 76 daAuts
